 Dungeon Crawl Stone Soup version 0.27-a0-406-g23f261fbd2 (webtiles) character file.

Game seed: 10491193360321588625

4573 kae the Cleaver (level 10, -14/90 HPs)
             Began as a Hill Orc Fighter on Feb 22, 2021.
             Was a Follower of Qazlal.
             Killed from afar by an ice dragon (42 damage)
             ... with a blast of cold
             ... on level 9 of the Dungeon.
             The game lasted 00:08:06 (11994 turns).

kae the Cleaver (Hill Orc Fighter)                 Turns: 11994, Time: 00:08:06

Health: -14/90     AC: 11    Str: 23    XL:     10   Next: 41%
Magic:  11/11      EV:  9    Int:  8    God:    Qazlal [*.....]
Gold:   736        SH: 11    Dex: 10    Spells: 9/9 levels left

rFire    . . .     SeeInvis .   a - +1 war axe
rCold    . . .     Faith    .   c - +0 kite shield
rNeg     . . .     Spirit   .   b - +1 scale mail
rPois    +         Reflect  .   (no helmet)
rElec    .         Harm     .   (no cloak)
rCorr    .         Rampage  .   (no gloves)
Will     +....                  e - +1 pair of boots
Stlth    ..........             y - amulet of regeneration
HPRegen  1.25/turn              l - ring of poison resistance
MPRegen  0.12/turn              z - ring of willpower

@: no status effects
A: no striking features
a: Renounce Religion


You were on level 9 of the Dungeon.
You worshipped Qazlal.
Qazlal was aware of your devotion.
You visited 2 branches of the dungeon, and saw 10 of its levels.

You collected 736 gold pieces.

Inventory:

Hand Weapons
 a - a +1 war axe (weapon)
Armour
 b - a +1 scale mail (worn)
 c - a +0 kite shield (worn)
 e - a +1 pair of boots (worn)
Jewellery
 g - an amulet of guardian spirit
 l - a ring of poison resistance (left hand)
 n - a ring of positive energy
 t - an amulet of magic regeneration
 y - an amulet of regeneration (around neck)
 z - a ring of willpower (right hand)
Wands
 q - a wand of flame (10)
 w - a wand of random effects (13)
 x - a wand of paralysis (8)
Scrolls
 h - 5 scrolls of amnesia
 j - 2 scrolls of random uselessness
 k - 2 scrolls of identify
 m - 2 scrolls of magic mapping
 p - 3 scrolls of enchant armour
 r - 2 scrolls of enchant weapon
Potions
 d - a potion of might
 f - 6 potions of attraction
 i - 3 potions of mutation
 o - 2 potions of degeneration
 s - 4 potions of curing
 u - a potion of heal wounds


   Skills:
 + Level 8.7 Fighting
 * Level 12.2 Axes
 + Level 8.0 Armour
 + Level 5.3 Dodging
 - Level 3.2 Shields
 + Level 2.3 Invocations


You had 9 spell levels left.
You didn't know any spells.
Your spell library was empty.

Dungeon Overview and Level Annotations

Branches:
Dungeon (9/15)             Temple (1/1) D:7
   Lair: D:8-11         Orc: D:9-12

Altars:
Cheibriados
Dithmenos
Elyvilon
Fedhas
Gozag
Hepliaklqana
Kikubaaqudgha
Makhleb
Nemelex Xobeh
Okawaru
Qazlal
Ru
Sif Muna
Trog
Uskayaw
Vehumet
Wu Jian
Xom
Yredelemnul
Zin

Shops:
D:3 *   D:4 [


Message History

Your shield prevents you from hitting the ice dragon.
The ice dragon is severely wounded.
The ice dragon bites you.
* * * LOW HITPOINT WARNING * * *
The ice dragon claws you but does no damage.
The ice dragon tramples you but does no damage.
You completely miss the ice dragon.
The ice dragon is severely wounded.
The ice dragon bites you.
* * * LOW HITPOINT WARNING * * *
You block the ice dragon's attack. x2
You hit the ice dragon.
The ice dragon is severely wounded.
You block the ice dragon's attack.
The ice dragon claws you but does no damage.
The ice dragon tramples you but does no damage.
You barely miss the ice dragon.
The ice dragon is severely wounded.
The ice dragon bites you but does no damage.
The ice dragon claws you but does no damage.
The ice dragon tramples you but does no damage.
Your shield prevents you from hitting the ice dragon.
The ice dragon is severely wounded.
You block the ice dragon's attack. x2
The ice dragon tramples you but does no damage.
The ice dragon bites you but does no damage.
You block the ice dragon's attack.
The ice dragon tramples you but does no damage.
You hit the ice dragon but do no damage.
The ice dragon is severely wounded.
The ice dragon completely misses you. You block the ice dragon's attack.
The ice dragon tramples you but does no damage.
You closely miss the ice dragon.
The ice dragon is severely wounded.
You feel less wooden.
Your +1 pair of boots unmelds from your body.
Your +1 scale mail unmelds from your body.
The ice dragon breathes frost at you. The blast of cold hits you!!!
You die...

......#
#.##
......#
#..#
......#
##..##
##....##
#......#
#......##
##.......#
#........#
#....@.≈≈#
#....D≈≈≈#
#≈..≈≈≈≈≈#
#≈≈≈≈≈≈.≈#
#≈≈≈≈≈...#
#≈≈≈≈≈...#
###≈≈$$..#
##≈$$?.#
###$$?#


You could see an ice dragon (catching breath).

Vanquished Creatures
  Harold (D:7)
  A komodo dragon (D:7)
  Grinder (D:4)
  2 water moccasins
  Duvessa (D:7)
  3 orc warriors (D:6)
  A sky beast (D:6)
  A black bear (D:6)
  2 necrophages
  6 ogres
  A centaur (D:7)
  Blork the orc (D:5)
  A wyvern zombie (D:7)
  6 bullfrogs
  Dowan (D:7)
  4 scorpions
  5 wights (D:6)
  A bullfrog zombie (D:7)
  4 hounds
  An orc priest (D:4)
  Jessica (D:3)
  An iguana (D:7)
  7 orc wizards
  5 worker ants
  2 hound zombies
  2 worker ant zombies (D:5)
  4 gnolls (D:2)
  13 adders
  3 white imps
  An ufetubus (D:6)
  An adder skeleton (D:6)
  5 worms
  3 leopard geckos
  28 orcs
  3 ball pythons (D:5)
  7 giant cockroaches
  6 hobgoblins
  16 jackals
  4 quokkas
  3 bats
  A frilled lizard (D:2)
  13 goblins
  A jackal skeleton (D:7)
  9 kobolds
  A leopard gecko zombie (D:2)
  A quokka skeleton (D:5)
  7 rats
  A spectral orc (D:7)
  A toadstool (D:8)
194 creatures vanquished.

Vanquished Creatures (others)
  3 fungi (D:8)
  5 toadstools (D:8)
  4 withered plants (D:5)
12 creatures vanquished.

Grand Total: 206 creatures vanquished

Notes
Turn   | Place    | Note
-------+----------+-------------------------------------------
     0 | D:1      | kae the Hill Orc Fighter began the quest for the Orb.
     0 | D:1      | Reached XP level 1. HP: 19/19 MP: 1/1
   363 | D:1      | Reached skill level 3 in Axes
   458 | D:1      | Reached XP level 2. HP: 27/27 MP: 2/2
  1072 | D:2      | Reached XP level 3. HP: 30/33 MP: 3/3
  1684 | D:2      | Reached skill level 4 in Axes
  1684 | D:2      | Reached skill level 1 in Dodging
  1850 | D:2      | Reached XP level 4. HP: 40/40 MP: 4/4
  2601 | D:3      | Reached XP level 5. HP: 44/47 MP: 5/5
  2830 | D:3      | Found Zin's Purification Station.
  2840 | D:3      | Found a glowing silver altar of Zin.
  3108 | D:3      | Found a shadowy altar of Dithmenos.
  3108 | D:3      | Found a shimmering blue altar of Sif Muna.
  3206 | D:3      | Noticed Jessica
  3216 | D:3      | Killed Jessica
  3217 | D:3      | Reached skill level 5 in Axes
  3908 | D:4      | Noticed an ogre
  3925 | D:4      | Reached XP level 6. HP: 26/55 MP: 6/6
  3939 | D:4      | Reached skill level 5 in Fighting
  3947 | D:4      | Reached skill level 6 in Axes
  4193 | D:4      | Reached XP level 7. HP: 24/61 MP: 7/7
  4609 | D:4      | Found Saocoolun's Armour Shop.
  4680 | D:4      | Noticed Grinder
  4704 | D:4      | Paralysed by Grinder for 5 turns
  4719 | D:4      | Paralysed by Grinder for 5 turns
  5288 | D:4      | Reached skill level 7 in Axes
  5473 | D:5      | Entered Level 5 of the Dungeon
  5510 | D:5      | Reached skill level 5 in Armour
  5867 | D:5      | Found an ancient bone altar of Kikubaaqudgha.
  6072 | D:5      | Noticed Blork the orc
  6086 | D:5      | Killed Blork the orc
  6230 | D:5      | Reached XP level 8. HP: 70/70 MP: 8/8
  6292 | D:5      | Found a sacrificial altar of Ru.
  6563 | D:4      | Found Saocoolun's Armour Shop.
  6834 | D:4      | Paralysed by Grinder for 2 turns
  6847 | D:4      | Killed Grinder
  6848 | D:4      | Reached skill level 8 in Axes
  7498 | D:6      | Reached skill level 9 in Axes
  7924 | D:6      | Reached XP level 9. HP: 71/78 MP: 9/9
  8461 | D:6      | Reached skill level 10 in Axes
  9256 | D:7      | Noticed Harold
  9583 | D:7      | Killed Harold
  9584 | D:7      | Reached skill level 11 in Axes
  9859 | D:7      | Noticed Dowan
  9860 | D:7      | Noticed Duvessa
  9877 | D:7      | Killed Duvessa
  9880 | D:7      | Killed Dowan
  9881 | D:7      | Reached XP level 10. HP: 86/88 MP: 10/10
 10052 | D:7      | Reached skill level 5 in Dodging
 10259 | D:7      | Found a staircase to the Ecumenical Temple.
 10308 | Temple   | Entered the Ecumenical Temple
 10597 | Temple   | Became a worshipper of Qazlal Stormbringer
 10986 | D:7      | Found a basalt altar of Yredelemnul.
 11055 | D:8      | Found a shimmering altar of Xom.
 11094 | D:8      | Reached skill level 1 in Invocations
 11425 | D:7      | Reached skill level 12 in Axes
 11500 | D:8      | Found a hazy altar of Hepliaklqana.
 11620 | D:8      | Reached * piety under Qazlal
 11969 | D:9      | Noticed an ice dragon
 11994 | D:9      | Killed from afar by an ice dragon

Illustrated notes

Levels and vault maps discovered:
D:1:      tarquinn_simple_flora_water_b, layout_basic, dk_noncrumbling_2
D:2:      layout_basic, chequers_serial_rivers_large_b
D:3:      kennysheep_the_goblin_king, layout_basic,
          gammafunk_temple_overflow_elements, zin_purify, uniq_jessica
D:4:      layout_basic, serial_shops, shop, wad_rectangle_vault, uniq_grinder
D:5:      layout_gridville, kiku_gazebo_garden_becter,
          nicolae_ru_great_annihilating_truth, uniq_blork_the_orc
D:6:      layout_basic, hangedman_minor_gate_pass
D:7:      minmay_cornered_nines, layout_basic,
          yredelemnul_forgotten_temple_becter, minmay_temple_entry_junction_2,
          uniq_duvessa, uniq_harold
D:8:      layout_loops_ring, nicolae_overflow_hidden_temple,
          nzn_hepliaklqana_mist_gate, minmay_gold_behind_fungi
D:9:      dragon1_lemuel, layout_basic, overflow_temple_1_default,
          evilmike_ruin_ashenzari, orc_0_dummy, small_statue_intersection,
          elyvilon_altar_1
Temple:   nicolae_temple_figure_eight

Skill      XL: |  1  2  3  4  5  6  7  8  9 10 |
---------------+-------------------------------+-----
Axes           | 3 4 5 6 7 9 11 12 | 12.2
Fighting       | 4 5 6 8 |  8.7
Dodging        | 1 2 3 4 5 |  5.3
Armour         | 4 5 6 7 8 |  8.0
Invocations    | 2 |  2.3
Shields        | |  3.2

Action                   |  1- 3 |  4- 6 |  7- 9 | 10-12 || total
-------------------------+-------+-------+-------+-------++-------
Melee: War axe           |   167 |   187 |   359 |   197 ||   910
       Unarmed           |       |       |     5 |       ||     5
Evoke: Wand              |       |       |       |     3 ||     3
  Use: Scroll            |     1 |    10 |     6 |     2 ||    19
       Potion            |       |     5 |       |     1 ||     6
 Stab: Paralysed         |       |       |     1 |       ||     1
Armor: Scale mail        |    96 |    75 |   156 |    54 ||   381
       Skin              |       |    12 |       |    30 ||    42
Dodge: Dodged            |    69 |    48 |   115 |    45 ||   277
Block: Kite shield       |   102 |   105 |   137 |   110 ||   454

Table legend: (Time is in decaauts)
 A = Elapsed time spent in this place.
 B = Non-inter-level travel time spent in this place.
 C = Inter-level travel time spent in this place.
 D = Time resting spent in this place.
 E = Time spent auto-exploring this place.
 F = Levels seen in this place.
 G = Mean time per level.
                   A        B        C        D        E       F      G
               +--------+--------+--------+--------+--------+-----+--------+
         Total |  12378 |  11887 |    491 |   2577 |   7243 |  10 | 1237.8 |
       Dungeon |  12062 |  11612 |    450 |   2577 |   6971 |   9 | 1340.2 |
        Temple |    315 |    274 |     41 |      0 |    272 |   1 |  315.0 |
               +--------+--------+--------+--------+--------+-----+--------+

Top non-repeatable levels by time:
     D:4: 2645 daAuts
     D:6: 2019 daAuts
     D:2: 1623 daAuts
     D:7: 1372 daAuts
     D:5: 1359 daAuts
     D:3: 1101 daAuts
     D:1: 1061 daAuts
     D:8: 790 daAuts
  Temple: 315 daAuts
     D:9: 88 daAuts
